 Dungeon Crawl Stone Soup version 0.22-a0-601-gb0ed703 (webtiles) character file.

1817 Goblin1989 the Basher (level 8, -4/74 HPs)
             Began as a Deep Dwarf Assassin on July 6, 2018.
             Was a Believer of Makhleb.
             Killed by divine providence
             ... invoked by an orc priest
              (11 damage)
             ... on level 6 of the Dungeon.
             The game lasted 00:21:59 (4006 turns).

Goblin1989 the Basher (Deep Dwarf Assassin)         Turns: 4006, Time: 00:21:59

Health: -4/74      AC:  4    Str: 17    XL:     8   Next: 85%
Magic:  7/7        EV: 12    Int: 15    God:    Makhleb [**....]
Gold:   412        SH:  0    Dex: 14    Spells: 7/7 levels left

rFire    . . .     SeeInvis .   O - +3 dire flail (protect)
rCold    . . .     Gourm    .   (shield currently unavailable)
rNeg     . . .     Faith    .   c - +0 robe
rPois    .         Spirit   .   (no helmet)
rElec    .         Reflect  .   d - +0 cloak
rCorr    .         Harm     .   G - +0 pair of gloves
MR       +....                  (no boots)
Stlth    ++++......             W - amulet of magic regeneration
HPRegen  0.00/turn              x - ring of stealth
MPRegen  0.35/turn              M - +3 ring of intelligence

@: non-regenerating
A: damage resistance, heal wounds, sense surroundings 1, no regeneration
a: Heal Wounds, Minor Destruction, Renounce Religion


You were on level 6 of the Dungeon.
You worshipped Makhleb.
Makhleb was pleased with you.
You were not hungry.

You visited 1 branch of the dungeon, and saw 6 of its levels.

You collected 412 gold pieces.

Inventory:

Hand Weapons
 a - a +2 whip of electrocution
 w - a +0 blowgun {@w1}
 A - a +2 dagger
 O - a +3 dire flail of protection (weapon)
 P - the +1 long sword of Trog {slice, rC+ Dex+6}
   (You found it on level 4 of the Dungeon)

   It inflicts extra damage upon your enemies.
   It affects your dexterity (+6).
   It protects you from cold.
 X - a +2 whip of flaming
Missiles
 f - 2 curare-tipped needles
 g - 61 poisoned needles
Armour
 c - a +0 robe (worn)
 d - a +0 cloak (worn)
 G - a +0 pair of gloves (worn)
 Q - a +0 scale mail
Jewellery
 x - a ring of stealth (left hand)
 M - a +3 ring of intelligence (right hand)
 W - an amulet of magic regeneration (around neck)
Wands
 L - a wand of paralysis (14) {@v7}
 V - a wand of iceblast (7) {@v4}
Scrolls
 J - 2 scrolls of identify {unknown}
 N - 2 scrolls of noise {unknown}
 R - a scroll of fog
 S - a scroll of fear
 T - a scroll of teleportation
 Y - 3 scrolls of remove curse {@r3}
Potions
 I - a potion of degeneration {unknown}
 U - a potion of invisibility
Comestibles
 e - 9 rations
 Z - 6 chunks of flesh


   Skills:
 + Level 5.1 Fighting
 - Level 1.7 Short Blades
 * Level 8.8 Maces & Flails
 - Level 1.7 Throwing
 + Level 5.0 Armour
 - Level 1.1 Dodging
 - Level 4.8 Stealth
 + Level 1.0 Invocations


You had 7 spell levels left.
You didn't know any spells.
Your spell library was empty.

Dungeon Overview and Level Annotations

Branches:
Dungeon (6/15)             Temple (0/1) D:4

Altars:
Fedhas
Kikubaaqudgha
Makhleb
Trog
Vehumet
Yredelemnul

Annotations:
D:3 exclusion: door


Innate Abilities, Weirdness & Mutations

You are resistant to damage.
You can heal yourself by infusing magical energy.
You passively map a small area around you.
You do not regenerate.


Message History

You closely miss the ice beast.
The ice beast is moderately wounded.
The ice beast hits you. The ice beast freezes you!
You take 9 damage, and have 34/74 hp.
You barely miss the ice beast.
The ice beast is moderately wounded.
The ice beast hits you but does no damage.
You closely miss the ice beast.
The ice beast is moderately wounded.
The ice beast barely misses you.
You barely miss the ice beast.
The ice beast is moderately wounded.
The ice beast hits you.
* * * LOW HITPOINT WARNING * * *
The ice beast freezes you!
* * * LOW HITPOINT WARNING * * *
You take 13 damage, and have 21/74 hp.
You completely miss the ice beast.
The ice beast is moderately wounded.
The ice beast closely misses you.
You hit the ice beast but do no damage.
Your weapon exudes an aura of protection.
The ice beast is moderately wounded.
The ice beast closely misses you.
Wield which item (- for none, * to show all)? (? for menu, Esc to quit)
Your +3 dire flail of protection goes still.
Your +2 whip of flaming bursts into flame!
X - a +2 whip of flaming (weapon)
You hit the ice beast.
You melt the ice beast.
The ice beast is heavily wounded.
The ice beast closely misses you.
You feel much better. The ice beast closely misses you.
You regained 30 hp, and now have 51/74 hp.
Unknown command.
You closely miss the ice beast.
The ice beast is heavily wounded.
You hit the ice beast but do no damage.
The ice beast is heavily wounded.
The ice beast barely misses you.
You barely miss the ice beast.
The ice beast is heavily wounded.
The ice beast hits you. The ice beast freezes you!
You take 15 damage, and have 36/74 hp.
MASSIVE DAMAGE!!
You hit the ice beast.
You melt the ice beast.
The ice beast is severely wounded.
You barely miss the ice beast.
The ice beast is severely wounded.
The ice beast hits you. The ice beast freezes you!
* * * LOW HITPOINT WARNING * * *
You take 12 damage, and have 24/74 hp.
You hit the ice beast.
You melt the ice beast.
The ice beast is almost dead.
The ice beast hits you.
* * * LOW HITPOINT WARNING * * *
The ice beast freezes you.
* * * LOW HITPOINT WARNING * * *
You take 6 damage, and have 18/74 hp.
You hit the ice beast.
You melt the ice beast.
You kill the ice beast!
Makhleb accepts your kill.
Your Armour skill increases to level 5!
Your Invocations skill increases to level 1!
Unknown command.
Unknown command.
Unknown command.
Wield which item (- for none, * to show all)? (? for menu, Esc to quit)
Your +2 whip of flaming stops flaming.
Your +3 dire flail of protection hums with potential!
O - a +3 dire flail of protection (weapon)
You feel much better.
You regained 21 hp, and now have 39/74 hp.
Some of the chunks of flesh in your inventory have rotted away.
The orc warrior is too close now for your liking.
You are too injured to fight recklessly!
Things that are here:
a dagger; a robe; an orc corpse An orc priest comes into view.
It is wielding a hand axe.
The orc priest shouts! x2; The orc warrior shouts!
You hit the orc warrior.
Your weapon exudes an aura of protection.
The orc warrior is lightly wounded.
The orc priest looks braver for a moment.
The orc warrior hits you with a hand axe.
You take 5 damage, and have 34/74 hp.
The orc priest calls down the wrath of Beogh upon you.
Beogh smites you!
* * * LOW HITPOINT WARNING * * *
The orc priest begins to cast a cantrip, but forgets the words!
You take 11 damage, and have 23/74 hp.
Things that are here:
a dagger; a robe; an orc corpse The orc priest casts a cantrip, but nothing happens.
The orc warrior hits you with a hand axe!!
* * * LOW HITPOINT WARNING * * *
You take 16 damage, and have 7/74 hp.
MASSIVE DAMAGE!!
The orc priest looks satisfied for a moment.
The orc priest looks satisfied for a moment.
The orc priest mumbles some strange prayers to Beogh against you.
Beogh smites you!
You die... █.█ █.█ █.██ █..█ █..█ █..█ █..█ █..█ ██@█ █.█ █████ ██o█

███....███ █..█
██[.......█▓ █..█
██..........
█.o███...........
█.o.█............
███...)..........
█..o...........


You could see an orc warrior and 2 orc priests.

Vanquished Creatures
  Pikel (D:5)
  Edmund (D:5)
  2 slaves (D:5)
  2 sky beasts (D:5)
  An ice beast (D:6)
  2 centaurs
  A gnoll sergeant (D:6)
  3 bullfrogs
  A scorpion (D:5)
  2 crimson imps
  A centaur zombie (D:5)
  A hound (D:4)
  An orc priest (D:5)
  2 iguanas (D:4)
  5 orc wizards
  3 worker ants
  A gnoll (D:6)
  8 adders
  A shadow imp (D:6)
  2 oozes
  An adder skeleton (D:4)
  4 worms
  2 leopard geckos
  9 orcs (D:5)
  A ball python (D:2)
  3 giant cockroaches
  6 hobgoblins
  4 jackals (D:1)
  7 bats
  3 frilled lizards (D:1)
  7 goblins
  10 kobolds
  A quokka skeleton (D:5)
  4 rats
103 creatures vanquished.

Vanquished Creatures (others)
  A slave (D:6)
  An orc (D:6)
  A frilled lizard (D:5)
  5 toadstools (D:1)
8 creatures vanquished.

Grand Total: 111 creatures vanquished

Notes
Turn   | Place    | Note
-------+----------+-------------------------------------------
     0 | D:1      | Goblin1989 the Deep Dwarf Assassin began the quest for the Orb.
     0 | D:1      | Reached XP level 1. HP: 19/19 MP: 1/1
   173 | D:1      | Reached XP level 2. HP: 24/27 MP: 2/2
   834 | D:2      | Reached skill level 1 in Maces & Flails
   903 | D:2      | Found a burning altar of Makhleb.
   909 | D:2      | Became a worshipper of Makhleb the Destroyer
   973 | D:2      | Reached XP level 3. HP: 8/33 MP: 3/3
  1157 | D:2      | Found a basalt altar of Yredelemnul.
  1192 | D:2      | Reached skill level 2 in Maces & Flails
  1503 | D:3      | Reached XP level 4. HP: 28/40 MP: 4/4
  1573 | D:3      | Reached skill level 3 in Maces & Flails
  1790 | D:3      | Reached skill level 4 in Maces & Flails
  1790 | D:3      | Reached XP level 5. HP: 25/48 MP: 5/5
  1850 | D:3      | Noticed a moth of wrath
  1852 | D:3      | Found a bloodstained altar of Trog.
  1926 | D:3      | Reached * piety under Makhleb
  2012 | D:4      | Found an ancient bone altar of Kikubaaqudgha.
  2161 | D:4      | Found a staircase to the Ecumenical Temple.
  2261 | D:4      | Got a crystal long sword
  2262 | D:4      | Identified the +1 long sword of Trog {slice, rC+ Dex+6} (You found it on level 4 of the Dungeon)
  2286 | D:4      | Reached skill level 5 in Maces & Flails
  2318 | D:4      | Reached XP level 6. HP: 29/55 MP: 6/6
  2445 | D:4      | Found a blossoming altar of Fedhas.
  2604 | D:4      | Reached skill level 1 in Armour
  2672 | D:4      | Reached skill level 6 in Maces & Flails
  2892 | D:5      | Entered Level 5 of the Dungeon
  2894 | D:5      | Found a radiant altar of Vehumet.
  2908 | D:5      | Reached XP level 7. HP: 25/62 MP: 7/7
  3075 | D:5      | Reached ** piety under Makhleb
  3134 | D:5      | Reached skill level 7 in Maces & Flails
  3187 | D:5      | Noticed Pikel
  3198 | D:5      | Killed Pikel
  3198 | D:5      | Reached XP level 8. HP: 43/73 MP: 8/8
  3347 | D:5      | Noticed Edmund
  3363 | D:5      | Killed Edmund
  3363 | D:5      | Reached skill level 8 in Maces & Flails
  3383 | D:5      | Found a basalt altar of Yredelemnul.
  3857 | D:6      | Reached skill level 5 in Fighting
  3978 | D:6      | Reached skill level 5 in Armour
  3978 | D:6      | Reached skill level 1 in Invocations
  4006 | D:6      | Killed from afar by an orc priest

Vault maps used:
D:1:      ldierk_walled_garden
D:2:      nicolae_overflow_hidden_temple, lightli_temple_of_fire, st_stairs_6
D:3:      first_ration, tgw_trog
D:4:      kiku_gazebo_pond_becter, kennysheep_mini,
          minmay_temple_entry_junction_2, grunt_ministairs_8
D:5:      overflow_temple_1_default, lemuel_tele_altar, uniq_edmund, uniq_pikel
D:6:      kennysheep_housing_project, nicolae_overflow_crystal_walls,
          uniq_duvessa, uniq_blork_the_orc

Skill      XL: |  1  2  3  4  5  6  7  8 |
---------------+-------------------------+-----
Fighting       | 2 3 4 5 |  5.1
Maces & Flails | 1 2 4 5 6 7 8 |  8.8
Armour         | 1 3 5 |  5.0
Invocations    | 1 |  1.0
Short Blades   | |  1.7
Throwing       | |  1.7
Dodging        | |  1.1
Stealth        | |  4.8

Action                   |  1- 3 |  4- 6 |  7- 9 || total
-------------------------+-------+-------+-------++-------
Melee: Dagger            |    70 |     4 |       ||    74
       Whip              |    17 |   103 |    92 ||   212
       Dire flail        |       |       |    75 ||    75
 Fire: Blowgun           |    24 |     3 |    23 ||    50
 Abil: Heal Wounds       |     1 |     2 |     5 ||     8
  Use: Scroll            |     5 |     2 |       ||     7
       Potion            |       |       |     6 ||     6
 Stab: Sleeping          |    14 |    15 |     3 ||    32
  Eat: Chunk             |     1 |     5 |     4 ||    10
Armor: Robe              |    30 |    17 |    31 ||    78
       Skin              |       |       |     9 ||     9
Dodge: Dodged            |    51 |    31 |    62 ||   144

Table legend:
 A = Spawn XP
 B = Non-spawn XP
 C = Spawn XP percentage of total XP
 D = Spawn monster count
 E = Non-spawn monster count
 F = Spawn count percentage of total count
 G = Total turns spent on level
                    A         B        C        D         E        F      G
               +---------+---------+-------+---------+---------+-------+---------
         Total |       0 |    2596 |   0.0 |       0 |     101 |   0.0 |  4006
               +---------+---------+-------+---------+---------+-------+---------
           D:1 |       0 |      29 |   0.0 |       0 |      20 |   0.0 |   615
           D:2 |       0 |      55 |   0.0 |       0 |      13 |   0.0 |   876
           D:3 |       0 |     130 |   0.0 |       0 |      19 |   0.0 |   561
           D:4 |       0 |     405 |   0.0 |       0 |      13 |   0.0 |   840
           D:5 |       0 |    1431 |   0.0 |       0 |      25 |   0.0 |   771
           D:6 |       0 |     546 |   0.0 |       0 |      11 |   0.0 |   343
               +---------+---------+-------+---------+---------+-------+---------

Vault maps used:
D:1:      ldierk_walled_garden
D:2:      nicolae_overflow_hidden_temple, lightli_temple_of_fire, st_stairs_6
D:3:      first_ration, tgw_trog
D:4:      kiku_gazebo_pond_becter, kennysheep_mini,
          minmay_temple_entry_junction_2, grunt_ministairs_8
D:5:      overflow_temple_1_default, lemuel_tele_altar, uniq_edmund, uniq_pikel
D:6:      kennysheep_housing_project, nicolae_overflow_crystal_walls,
          uniq_duvessa, uniq_blork_the_orc
